 Dungeon Crawl Stone Soup version 0.31-a0-978-g1e143483b6 (webtiles) character file.

Game seed: 16131802674740905437

3206 LeprechaunX the Mimic (level 9, -2/63 HPs)
             Began as an Octopode Shapeshifter on Oct 30, 2023.
             Was an Initiate of Hepliaklqana.
             Slain by a gnoll
             ... wielding a +0 spear
             ... led by a gnoll sergeant
              (4 damage)
             ... on level 8 of the Dungeon.
             The game lasted 00:11:47 (8320 turns).

LeprechaunX the Mimic (Octopode Shapeshifter)       Turns: 8320, Time: 00:11:49

Health: -2/63      AC:  1    Str: 15    XL:     9   Next: 97%
Magic:  11/11      EV: 18    Int: 13    God:    Hepliaklqana [......]
Gold:   433        SH:  0    Dex: 13    Spells: 8/8 levels left

rFire   . .          .
                       - Unarmed
rCold   . . .        (no shield)
rNeg    . . .        (helmet currently unavailable)
rPois   +            A - amulet of regeneration
rElec   .            f - +5 ring of evasion
rCorr   .            x - ring of poison resistance
SInv    .            y - ring of flight
Will    .....        (no ring)
Stlth   ++           (no ring)
HPRegen 1.10/turn    (no ring)
MPRegen 0.12/turn    (no ring)
                     (no ring)

%: no passive effects
@: beast-form, flying
A: beast (slay +4), almost no armour, amphibious, 8 rings, camouflage 1,
gelatinous body 1, (nimble swimmer 1), tentacles
a: Begin Untransformation, Renounce Religion


You were on level 8 of the Dungeon.
You worshipped Hepliaklqana.
Hepliaklqana was noncommittal.
You were a hulking beast.
You visited 2 branches of the dungeon, and saw 9 of its levels.
You also visited: Ossuary.

You collected 433 gold pieces.

Inventory:

Hand Weapons
 a - a +0 shortbow
Missiles
 s - 4 boomerangs (quivered)
Jewellery
 f - a +5 ring of evasion (left tentacle)
 x - a ring of poison resistance (right tentacle)
 y - a ring of flight (on tentacle)
 z - a ring of magical power
 A - an amulet of regeneration (around mantle)
Talismans
 b - a beast talisman
 c - a flux talisman
Wands
 t - a wand of paralysis (17)
 v - a wand of flame (37)
Scrolls
 e - 6 scrolls of teleportation
 h - 3 scrolls of fear
 k - a scroll of noise {unknown}
 l - 4 scrolls of fog
 m - 2 scrolls of amnesia {unknown}
 n - 2 scrolls of enchant armour {unknown}
 q - 3 scrolls of revelation
 r - a scroll of acquirement {unknown}
 w - a scroll of vulnerability {unknown}
 C - 2 scrolls of immolation {unknown}
 E - a scroll of poison {unknown}
Potions
 d - a potion of ambrosia {unknown}
 i - 4 potions of heal wounds
 j - 3 potions of enlightenment
 p - 2 potions of lignification
 u - 2 potions of invisibility
 B - a potion of cancellation {unknown}
 D - a potion of resistance {unknown}
 F - 2 potions of haste
 G - a potion of mutation {unknown}
 H - a potion of curing {unknown}
 I - 3 potions of attraction {unknown}


   Skills:
 + Level 6.4 Fighting
 - Level 2.0 Dodging
 - Level 6.0 Unarmed Combat
 + Level 2.7 Invocations
 + Level 5.2 Evocations
 * Level 9.0 Shapeshifting


You had 8 spell levels left.
You didn't know any spells.
Your spell library contained the following spells:

 Spells                   Type           Power      Damage    Failure   Level
 Slow                     Hex            0%         N/A       30%         1
 Confusing Touch          Hex            0%         N/A       67%         3
 Inner Flame              Hex/Fire       0%         N/A       67%         3
 Sigil of Binding         Hex            0%         N/A       67%         3
 Tukima's Dance           Hex            0%         N/A       67%         3
 Vampiric Draining        Necr           0%         2d6       67%         3
 Flame Wave               Conj/Fire      0%         2d4       97%         4
 Passage of Golubria      Tloc           0%         N/A       97%         4
 Sticky Flame             Conj/Fire      0%         2d3       97%         4
 Yara's Violent Unravell  Hex/Tmut       0%         3d3       100%        5


Dungeon Overview and Level Annotations

Branches:
Dungeon (8/15)             Temple (1/1) D:5         Ossuary (visited)
   Lair: D:8-11

Altars:
Ashenzari
Cheibriados
Dithmenos
Elyvilon
Fedhas
Gozag
Hepliaklqana
Makhleb
Nemelex Xobeh
Okawaru
Qazlal
Ru
Sif Muna
Trog
Uskayaw
Vehumet
Wu Jian
Xom
Yredelemnul
Zin
The Shining One

Shops:
D:4 (

Annotations:
D:5 1 runed translucent door, Crazy Yiuf
D:6 3 runed translucent doors, olddryhag's ghost, novice GrFi


Innate Abilities, Weirdness & Mutations

You are a hulking beast.
Your limbs bulge with bestial killing power. (Slay +4)
You cannot wear most types of armour.
You are amphibious.
You can wear up to eight rings at the same time.
Your skin changes colour to match your surroundings (Stealth+).
Your rubbery body absorbs attacks. (AC +1, EV +1)
((You are camouflaged when in or above water. (Stealth+)))
You have tentacles for arms and can constrict up to eight enemies at once.


Message History

Unknown command.
You tentacle-slap the gnoll sergeant.
The gnoll sergeant is heavily wounded.
You constrict the gnoll sergeant, but do no damage.
The gnoll closely misses you.
The gnoll sergeant hits you with a +0 trident!
You tentacle-slap the gnoll sergeant. x2
The gnoll sergeant is severely wounded.
You constrict the gnoll sergeant.
The gnoll hits you from afar with a +0 spear.
The gnoll sergeant completely misses you.
Unknown command.
You tentacle-slap the gnoll sergeant.
You kill the gnoll sergeant!
The gnoll hits you from afar with a +0 spear.
The gnoll barely misses you.
Unknown command.
The gnoll attacks as it pursues you! The gnoll closely misses you.
The gnoll closely misses you.
The gnoll hits you from afar with a +0 spear!
* * * LOW HITPOINT WARNING * * *
You barely miss the gnoll. Your grab misses the gnoll. You squeeze the gnoll.
The gnoll is heavily wounded.
The gnoll hits you with a +0 spear!
* * * LOW HITPOINT WARNING * * *
The gnoll barely misses you.
You barely miss the gnoll. Your grab misses the gnoll.
Your squeeze misses the gnoll.
The gnoll is heavily wounded.
The gnoll hits you with a +0 spear.
* * * LOW HITPOINT WARNING * * *
The gnoll barely misses you.
Unknown command.
You barely miss the gnoll. You grab the gnoll. You squeeze the gnoll.
The gnoll is severely wounded.
You constrict the gnoll, but do no damage.
The gnoll hits you with a +0 spear!
* * * LOW HITPOINT WARNING * * *
The gnoll hits you from afar with a +0 spear.
You die...

#......#...#
#........#
###..###...#
#..#######
#_...._#...# #..###
##.__###...# #g...#
# #######...#
##.#.# #....#
#..#.# #....#
##.##.#
#.####g######g.##.#
#.....)gh...#.###.#
#..######..$..# #.#
# ....>..### #.#
.....#.# #.#
####.#.# #.# #.#.#
#.# #.#.# #.#. #.


You could see 2 gnolls.

Vanquished Creatures
  Sigmund (D:3)
  A wyvern (D:5)
  Menkaure (D:5)
  Edmund (D:5)
  3 water moccasins
  Duvessa (D:5)
  An ice beast (D:7)
  A sky beast (D:4)
  An ogre (D:5)
  A centaur (D:5)
  A phantom (D:4)
  2 bullfrogs (D:6)
  A gnoll sergeant (D:8)
  A scorpion (D:6)
  9 wights
  Dowan (D:5)
  4 howler monkeys
  3 hounds (D:4)
  2 jellies
  A gnoll bouda (D:4)
  2 orc priests (D:4)
  Ijyb (D:5)
  4 orc wizards
  5 iguanas
  2 sleepcaps (D:6)
  13 mummies (Ossuary)
  5 gnolls
  9 adders
  A shadow imp (D:7)
  A white imp (D:7)
  A worm (D:4)
  A dart slug (D:2)
  14 orcs
  2 ball pythons
  4 endoplasms
  10 goblins
  6 hobgoblins
  4 jackals (D:1)
  6 bats
  A frilled lizard (D:2)
  A gnoll skeleton (Ossuary)
  3 goblin skeletons (Ossuary)
  A goblin zombie (D:8)
  7 kobolds
  2 kobold skeletons (Ossuary)
  2 orc skeletons (Ossuary)
  A quokka zombie (D:8)
  6 rats (D:1)
  11 rat skeletons (Ossuary)
163 creatures vanquished.

Notes
Turn   | Place    | Note
-------+----------+-------------------------------------------
     0 | D:1      | LeprechaunX the Octopode Shapeshifter began the quest for
                  | the Orb.
     0 | D:1      | Reached XP level 1. HP: 13/13 MP: 1/1
   205 | D:1      | Reached XP level 2. HP: 18/18 MP: 2/2
   684 | D:1      | Found a faded altar of an unknown god.
   857 | D:2      | Reached XP level 3. HP: 23/23 MP: 3/3
  1665 | D:3      | Reached XP level 4. HP: 28/29 MP: 4/4
  1738 | D:3      | Noticed Sigmund
  1743 | D:3      | Reached skill level 4 in Shapeshifting
  1808 | D:3      | Killed Sigmund
  1809 | D:3      | Reached XP level 5. HP: 21/36 MP: 5/5
  1809 | D:3      | Reached XP level 6. HP: 24/41 MP: 6/6
  2220 | D:3      | Found an opulent altar of Gozag.
  2464 | D:4      | Reached skill level 5 in Shapeshifting
  2643 | D:4      | Reached XP level 7. HP: 32/46 MP: 7/7
  2832 | D:4      | Found Tatudeta's Antique Weapon Boutique.
  3080 | D:4      | Reached skill level 6 in Shapeshifting
  3261 | D:4      | Reached skill level 5 in Unarmed Combat
  3963 | D:5      | Entered Level 5 of the Dungeon
  3971 | D:5      | Noticed Ijyb
  3982 | D:5      | Killed Ijyb
  3983 | D:5      | Reached XP level 8. HP: 10/54 MP: 8/8
  4314 | D:5      | Noticed Menkaure
  4315 | D:5      | Noticed Edmund
  4611 | D:5      | Killed Edmund
  4612 | D:5      | Reached skill level 1 in Evocations
  4648 | D:5      | Noticed a wyvern
  4744 | D:5      | Killed a wyvern
  4849 | D:5      | Killed Menkaure
  4850 | D:5      | Reached skill level 7 in Shapeshifting
  5002 | D:5      | Noticed Dowan
  5120 | D:6      | Identified the +4 mace of Dissent {freeze, rN+ Will+ Str+3}
  5135 | D:6      | Found a runed translucent gate.
  5135 | D:6      | Found a runed translucent gate.
  5135 | D:6      | Found a runed translucent gate.
  5216 | D:6      | Reached skill level 5 in Fighting
  5309 | D:6      | Reached XP level 9. HP: 50/61 MP: 9/9
  5834 | D:6      | Reached skill level 8 in Shapeshifting
  6179 | D:6      | Noticed olddryhag's ghost (novice GrFi)
  6269 | D:5      | Noticed Duvessa
  6301 | D:5      | Killed Duvessa
  6307 | D:5      | Killed Dowan
  6447 | D:5      | Found a staircase to the Ecumenical Temple.
  6559 | Temple   | Entered the Ecumenical Temple
  6564 | Temple   | Became a worshipper of Hepliaklqana the Forgotten
  6711 | D:5      | Found a runed translucent door.
  6712 | D:5      | Noticed Crazy Yiuf
  6839 | D:7      | Reached skill level 1 in Invocations
  7762 | D:8      | Found a shadowy altar of Dithmenos.
  7763 | D:8      | Found a white marble altar of Elyvilon.
  7763 | D:8      | Found a shimmering altar of Xom.
  7767 | D:8      | Found a glowing golden altar of the Shining One.
  7768 | D:8      | Found a burning altar of Makhleb.
  7802 | D:8      | Reached skill level 5 in Evocations
  7837 | D:8      | Found a sand-covered staircase.
  7854 | Ossuary  | Entered an ossuary
  8082 | Ossuary  | Reached skill level 9 in Shapeshifting
  8320 | D:8      | HP: 2/63 [gnoll/+0 spear[a gnoll sergeant] (8)]
  8320 | D:8      | Slain by a gnoll

Illustrated notes

Levels and vault maps discovered:
D:1:      amcnicky_arrival_double_pillar, layout_loops_corners,
          hellmonk_ecumenical_altar_dog_temple
D:2:      layout_basic
D:3:      layout_rooms, grunt_gozag_breadcrumbs, uniq_sigmund
D:4:      minmay_chambers_of_fours, layout_cave_pods, serial_shops,
          nicolae_shop_tiny_statue_garden, dreamdust_gnoll_farm
D:5:      layout_gridville, minmay_temple_entry_offerings, uniq_menkaure,
          uniq_ijyb, uniq_duvessa, uniq_edmund, uniq_crazy_yiuf_cottage
D:6:      layout_basic, ebering_ghost_rock_garden
D:7:      layout_gridville
D:8:      layout_basic, mainiacjoe_overflow_alcove_4, minitemple,
          enter_ossuary_4, kennysheep_generic_room_14
Temple:   minmay_freezing_vapour_temple

Skill      XL: |  1  2  3  4  5  6  7  8  9 |
---------------+----------------------------+-----
Fighting       | 2 3 4 5 6 |  6.4
Shapeshifting  | 4 5 6 7 9 |  9.0
Unarmed Combat | 4 5 6 |  6.0
Evocations     | 3 5 |  5.2
Invocations    | 2 |  2.7
Dodging        | |  2.0

Action                     |  1- 3 |  4- 6 |  7- 9 || total
---------------------------+-------+-------+-------++-------
  Melee: Unarmed           |    67 |    70 |   247 ||   384
         Constrict         |    17 |     9 |    67 ||    93
         Tentacles         |     6 |     8 |    67 ||    81
         Punch             |     3 |     3 |    16 ||    22
   Fire: Orcbow            |       |       |    46 ||    46
         Shortbow          |       |       |    34 ||    34
    Use: Potion            |       |     1 |       ||     1
         Scroll            |       |       |     9 ||     9
   Stab: Sleeping          |    10 |     2 |    15 ||    27
 Armour: Skin              |    20 |    36 |    84 ||   140
  Dodge: Dodged            |    40 |    58 |   176 ||   274

Table legend: (Time is in decaauts)
 A = Elapsed time spent in this place.
 B = Non-inter-level travel time spent in this place.
 C = Inter-level travel time spent in this place.
 D = Time resting spent in this place.
 E = Time spent auto-exploring this place.
 F = Levels seen in this place.
 G = Mean time per level.
                   A        B        C        D        E       F      G
               +--------+--------+--------+--------+--------+-----+--------+
         Total |   8303 |   7923 |    380 |   1183 |   5206 |  10 |  830.3 |
       Dungeon |   7913 |   7534 |    379 |   1183 |   5000 |   8 |  989.1 |
        Temple |     15 |     15 |      0 |      0 |      0 |   1 |   15.0 |
       Ossuary |    374 |    374 |      0 |      0 |    206 |   1 |  374.0 |
               +--------+--------+--------+--------+--------+-----+--------+

Top non-repeatable levels by time:
     D:4: 1840 daAuts
     D:6: 1519 daAuts
     D:5: 1385 daAuts
     D:1: 849 daAuts
     D:3: 795 daAuts
     D:7: 663 daAuts
     D:2: 652 daAuts
 Ossuary: 374 daAuts
     D:8: 208 daAuts
  Temple: 15 daAuts
